[Event "International chess holiday K21"]
[Site "Praha"]
[Date "2016.07.25"]
[Round "3"]
[White "Mena, Daniel"]
[Black "Kast, Joannis"]
[Result "1/2-1/2"]
[ECO "C48"]
[WhiteElo "1784"]
[BlackElo "1995"]
[Annotator "Koller,Martin"]
[PlyCount "143"]
[TimeControl "240+2"]

{279MB} 1. e4 e5 2. Nf3 Nf6 3. Nc3 Nc6 4. Bb5 Bd6 5. O-O O-O 6. Re1 a6 7. Bxc6
dxc6 8. h3 Re8 9. d3 h6 10. a3 c5 11. b3 Bd7 12. Bb2 Nh5 13. Qd2 Nf4 14. Ne2
Nxe2+ 15. Rxe2 Qf6 16. Nh2 Qg5 17. Qxg5 hxg5 18. Ng4 f6 19. Ne3 Kf7 20. Nc4 Re7
21. f3 Rb8 22. a4 b6 23. Kf2 g6 24. Bc3 Re6 25. Nxd6+ cxd6 26. Bb2 Ree8 27.
Ree1 Kg7 28. Rh1 Rf8 29. Ke3 Be6 30. Rhg1 d5 31. Ba3 d4+ 32. Ke2 Rf7 33. Rgf1
Rc7 34. Rfc1 Kf7 35. Kf2 Rcb7 36. Ke2 Rc8 37. Kd2 Rc6 38. Ke2 Rcc7 39. Kf2 Bd7
40. Ke2 Be6 41. Kd2 b5 42. axb5 axb5 43. Rcb1 c4 44. bxc4 bxc4 45. Rxb7 c3+ 46.
Kd1 Rxb7 47. Bc1 Rc7 48. Ra5 Rb7 49. Ra1 Bd7 50. Ke2 Ke6 51. Kd1 Bc6 52. Ke2
Rb6 53. Kd1 Bb7 54. Ke2 Ba6 55. Kd1 Bb7 56. Ke2 Kd7 57. Kd1 Kc6 58. Ke2 Ba6 59.
Kd1 Kb7 60. Ke2 Rb4 61. Kd1 Bb5 62. Ke2 Ba6 63. Kd1 Kb6 64. Ke2 Bb5 65. Kd1 Ba6
66. Ke2 Bb7 67. Kd1 Bc6 68. Ke2 Ba4 69. Kd1 Ka5 70. Ba3 Rb7 71. Bc1 Rb8 72. Ba3
1/2-1/2

[Event "International chess holiday K22"]
[Site "Praha"]
[Date "2016.07.25"]
[Round "3"]
[White "Schoenmakers, Nico"]
[Black "Reljic, Michael"]
[Result "0-1"]
[ECO "C90"]
[WhiteElo "1850"]
[BlackElo "1589"]
[Annotator "Koller,Martin"]
[PlyCount "96"]
[TimeControl "240+2"]

{279MB} 1. e4 e5 2. Nf3 Nc6 3. Bb5 Nf6 4. d3 d6 5. h3 Be7 6. O-O O-O 7. Re1 a6
8. Ba4 b5 9. Bb3 Na5 10. c3 Nxb3 11. Qxb3 Be6 12. Qc2 c5 13. Nbd2 Qb6 14. Nf1
Rfc8 15. Be3 Qb7 16. Qd2 Rab8 17. Ng3 c4 18. d4 Rd8 19. Qc2 exd4 20. Nxd4 b4
21. cxb4 Rdc8 22. a3 Nd7 23. Bd2 Ne5 24. Bc3 Nd3 25. Rf1 Bf6 26. Rab1 Be5 27.
Nde2 Qb5 28. Nd4 Qb7 29. Nge2 Qxe4 30. Nxe6 fxe6 31. Nc1 Bxc3 32. bxc3 Rc6 33.
Ra1 Rf8 34. Qe2 Qg6 35. g3 Nf4 36. Qg4 Qxg4 37. hxg4 Nd3 38. Ne2 e5 39. Kg2 g5
40. f3 d5 41. a4 Rb6 42. Ng1 h6 43. Nh3 Rff6 44. Nf2 Nxf2 45. Rxf2 d4 46. Rc2
dxc3 47. Rxc3 Rxb4 48. a5 Kf7 0-1

[Event "International chess holiday K22"]
[Site "Praha"]
[Date "2016.07.25"]
[Round "3"]
[White "Werthmann, Nils"]
[Black "Michalek, Frantisek"]
[Result "1/2-1/2"]
[ECO "C45"]
[WhiteElo "1978"]
[BlackElo "2012"]
[Annotator "Koller,Martin"]
[PlyCount "31"]
[TimeControl "240+2"]

{279MB} 1. e4 e5 2. Nf3 Nc6 3. d4 exd4 4. Nxd4 Nxd4 5. Qxd4
Ne7 6. Be3 Nc6 7. Qd2 Bb4 8. c3 Ba5 9. Bc4 d6 10. O-O Be6 11. Na3 O-O 12. f4
Bb6 13. Rad1 Bxe3+ 14. Qxe3 Bxc4 15. Nxc4 Qe7 16. Rfe1 1/2-1/2

[Event "International chess holiday K22"]
[Site "Praha"]
[Date "2016.07.25"]
[Round "3"]
[White "Nentvich, Libor"]
[Black "Bilek, Roman"]
[Result "1/2-1/2"]
[ECO "B01"]
[WhiteElo "1962"]
[BlackElo "1888"]
[Annotator "Koller,Martin"]
[PlyCount "38"]
[TimeControl "240+2"]

{279MB} 1. e4 d5 2. exd5 Qxd5 3. Nc3 Qd6 4. d4 Nf6 5. Bc4 a6 6. Nge2 Nc6 7. Bf4
e5 8. dxe5 Nxe5 9. Bb3 Qxd1+ 10. Rxd1 Bd6 11. O-O O-O 12. Nd5 Nxd5 13. Bxd5 Re8
14. Rfe1 Rb8 15. Nc3 h6 16. Bg3 Bf5 17. Ne4 Bf8 18. Nc3 Bd6 19. Ne4 Bf8 1/2-1/2

[Event "International chess holiday K22"]
[Site "Praha"]
[Date "2016.07.25"]
[Round "3"]
[White "Ekberg, Karl"]
[Black "Dalling, Peter"]
[Result "1/2-1/2"]
[ECO "E40"]
[WhiteElo "1764"]
[BlackElo "1822"]
[Annotator "Koller,Martin"]
[PlyCount "82"]
[TimeControl "240+2"]

{279MB} 1. d4 Nf6 2. c4 e6 3. Nc3 Bb4 4. e3 d5 5. Bd3 Nbd7 6. Nge2 b6 7. a3 Be7
8. cxd5 exd5 9. O-O O-O 10. f3 c5 11. e4 dxe4 12. Nxe4 Bb7 13. Kh1 Rc8 14. N4c3
cxd4 15. Nxd4 Bc5 16. Nb3 Re8 17. Nxc5 Nxc5 18. Bf5 Qxd1 19. Rxd1 Rcd8 20. Bf4
h6 21. b4 Nb3 22. Rab1 Rxd1+ 23. Rxd1 Nd4 24. Be4 Nxe4 25. Nxe4 Bxe4 26. Rxd4
Bf5 27. Bd2 Rc8 28. Kg1 Rc2 29. b5 Be6 30. Rd8+ Kh7 31. Bb4 g5 32. Re8 Rc7 33.
Re7 Rxe7 34. Bxe7 Bc4 35. Bd6 Bxb5 36. Bb8 Bc4 37. Bxa7 b5 38. Kf2 Kg6 39. Kg3
f5 40. f4 g4 41. h3 h5 1/2-1/2

[Event "International chess holiday K22"]
[Site "Praha"]
[Date "2016.07.25"]
[Round "3"]
[White "Schubert, Gerhard"]
[Black "Novak, Jindrich"]
[Result "1/2-1/2"]
[ECO "A04"]
[WhiteElo "2013"]
[BlackElo "2146"]
[Annotator "Koller,Martin"]
[PlyCount "119"]
[TimeControl "240+2"]

{279MB} 1. Nf3 Nc6 2. b3 d6 3. d4 e5 4. dxe5 dxe5 5. Qxd8+ Kxd8 6. Bb2 Bb4+ 7.
Nbd2 f6 8. O-O-O Be6 9. e4 Bc5 10. Bc4 Ke7 11. Bxe6 Kxe6 12. Rhf1 Nh6 13. Ne1
Ng4 14. Nd3 Bb6 15. h3 Nh6 16. Ba3 Rhd8 17. Nc5+ Bxc5 18. Bxc5 Nf7 19. Nc4 Ng5
20. f3 Kf7 21. Ne3 Ne6 22. Ba3 Ncd4 23. Rf2 a5 24. Rfd2 a4 25. Bb2 axb3 26.
axb3 Rd6 27. Nf5 Nxf5 28. exf5 Nd4 29. Bxd4 exd4 30. b4 Ra4 31. c3 Ra1+ 32. Kc2
Ra2+ 33. Kb3 Rxd2 34. Rxd2 dxc3 35. Rxd6 cxd6 36. Kxc3 Ke7 37. Kd4 Kd7 38. Kd5
Ke7 39. g4 Kd7 40. f4 h6 41. h4 Ke7 42. Kd4 Kd8 43. Kc4 Kc7 44. h5 Kc6 45. Kd4
Kb5 46. Kd5 Kxb4 47. Kxd6 b5 48. Ke6 Kc5 49. g5 b4 50. gxh6 gxh6 51. Kxf6 b3
52. Kg7 b2 53. f6 b1=Q 54. f7 Qb2+ 55. Kg8 Qb3 56. Kg7 Qg3+ 57. Kxh6 Qxf4+ 58.
Kg7 Qe5+ 59. Kg8 Qg5+ 60. Kh7 1/2-1/2